 Dungeon Crawl Stone Soup version 0.32-a0-17-gb74e046682 (webtiles) character file.

Game seed: 11905993859924541854

1017 LeprechaunX the Changeling (level 8, -1/81 HPs)
             Began as an Octopode Shapeshifter on Jan 15, 2024.
             Was an Initiate of Qazlal.
             Slain by Eustachio
             ... wielding a +0 rapier
              (3 damage)
             ... on level 6 of the Dungeon.
             The game lasted 00:07:01 (5454 turns).

LeprechaunX the Changeling (Octopode Shapeshifter)  Turns: 5454, Time: 00:07:01

Health: -1/81      AC: 24    Str: 13      XL:     8   Next: 22%
Magic:  9/9        EV:  2    Int: 13      God:    Qazlal [......]
Gold:   358        SH:  0    Dex: 11 (13) Spells: 7/7 levels left

rFire   . . .        b - +5 whip
rCold   + . .        (no shield)
rNeg    . . .        (helmet currently unavailable)
rPois   +            (no amulet)
rElec   .            p - ring of protection from cold
rCorr   .            (no ring)
SInv    .            (no ring)
Will    .....        (no ring)
Stlth   +            (no ring)
HPRegen 0.33/turn    (no ring)
MPRegen 0.11/turn    (no ring)
                     (no ring)

%: no passive effects
@: tree-form
A: stationary, stasis, torment immunity, boosted hp, almost no armour,
(amphibious), 8 rings, (camouflage 1), (gelatinous body 1), (nimble swimmer 1),
(tentacles)
a: Renounce Religion


You were on level 6 of the Dungeon.
You worshipped Qazlal.
Qazlal was noncommittal.
You were a tree.
You visited 2 branches of the dungeon, and saw 7 of its levels.
You also visited: Ossuary.

You collected 358 gold pieces.

Inventory:

Hand Weapons
 a - a +0 arbalest
 b - a +5 whip (weapon)
Missiles
 B - 2 boomerangs (quivered)
Jewellery
 p - a ring of protection from cold (left branch)
Talismans
 c - a flux talisman
 l - a beast talisman
 w - a maw talisman
Wands
 n - a wand of polymorph (3)
 y - a wand of roots (9)
Scrolls
 d - 8 scrolls of identify {unknown}
 h - a scroll of silence {unknown}
 j - 2 scrolls of fog {unknown}
 k - 4 scrolls of fear {unknown}
 m - 2 scrolls of blinking {unknown}
 t - 2 scrolls of amnesia {unknown}
 u - 2 scrolls of teleportation {unknown}
 v - 2 scrolls of revelation {unknown}
Potions
 e - 2 potions of haste {unknown}
 f - 3 potions of lignification
 g - 2 potions of enlightenment {unknown}
 i - 2 potions of ambrosia {unknown}
 o - a potion of might {unknown}
 q - 2 potions of heal wounds {unknown}
 r - 6 potions of mutation {unknown}
 s - 2 potions of curing {unknown}
 x - a potion of invisibility {unknown}
 z - 3 potions of cancellation {unknown}
 A - 2 potions of resistance {unknown}


   Skills:
 + Level 4.2 Fighting
 - Level 1.0 Maces & Flails
 - Level 3.0 Dodging
 + Level 5.2 Unarmed Combat
 + Level 1.6 Invocations
 + Level 1.5 Evocations
 * Level 6.2 Shapeshifting


You had 7 spell levels left.
You didn't know any spells.
Your spell library contained the following spells:

 Spells                   Type           Power      Damage    Failure   Level
 Kiss of Death            Conj/Necr      0%         2d5       30%         1
 Sandblast                Erth           0%         2d4       30%         1
 Call Canine Familiar     Summ           0%         N/A       67%         3
 Confusing Touch          Hex            0%         N/A       67%         3
 Passwall                 Erth           0%         N/A       67%         3
 Sigil of Binding         Hex            0%         N/A       67%         3
 Stone Arrow              Conj/Erth      0%         3d7       67%         3
 Animate Dead             Necr           0%         N/A       97%         4
 Brom's Barrelling Bould  Conj/Erth      0%         2d3       97%         4
 Dimensional Bullseye     Hex/Tloc       0%         N/A       97%         4
 Dispel Undead            Necr           0%         3d6       97%         4
 Borgnjor's Vile Clutch   Necr/Erth      0%         N/A       100%        5
 Death Channel            Necr           0%         N/A       100%        6


Dungeon Overview and Level Annotations

Branches:
Dungeon (6/15)             Temple (1/1) D:4         Ossuary (visited)

Altars:
Dithmenos
Elyvilon
Fedhas
Gozag
Hepliaklqana
Kikubaaqudgha
Makhleb
Nemelex Xobeh
Okawaru
Qazlal
Ru
Sif Muna
Trog
Uskayaw
Vehumet
Wu Jian
Xom
Yredelemnul
Zin
The Shining One

Annotations:
D:6 Eustachio, Grinder


Innate Abilities, Weirdness & Mutations

You are a tree.
Your roots penetrate the ground, keeping you stationary.
You cannot be teleported.
You are immune to unholy pain and torment.
Your maximum health is greatly increased.
You cannot wear most types of armour.
((You are amphibious.))
You can wear up to eight rings at the same time.
((Your skin changes colour to match your surroundings (Stealth+).))
((Your rubbery body absorbs attacks. (AC +1, EV +1)))
((You are camouflaged when in or above water. (Stealth+)))
((You have tentacles for arms and can constrict up to eight enemies at once.))


Message History

The quasit claws you but does no damage.
The quasit claws you. Eustachio hits you with a +0 rapier.
The ufetubus hits you. x2; The quasit bites you.
You feel clumsy. The quasit claws you.
The quasit claws you but does no damage.
The crimson imp shouts, "Crawl home, thou tottering spleeny codpiece!"
The crimson imp hits you. Eustachio hits you with a +0 rapier!
* * * LOW HITPOINT WARNING * * *
The ufetubus hits you.
* * * LOW HITPOINT WARNING * * *
The ufetubus hits you.
* * * LOW HITPOINT WARNING * * *
You can move again.
Unknown command.
Your transformation has ended.
You turn into a tree.
Your roots penetrate the ground.
The quasit bites you but does no damage.
The quasit claws you but does no damage. x2
The ufetubus hits you but does no damage. x2
The crimson imp hits you but does no damage.
Eustachio hits you with a +0 rapier.
* * * LOW HITPOINT WARNING * * *
Grinder says, "You look like you could use a good racking."
You miss Eustachio.
Eustachio is heavily wounded.
The quasit bites you but does no damage.
The quasit claws you but does no damage.
The quasit claws you.
* * * LOW HITPOINT WARNING * * *
You feel clumsy.
The ufetubus hits you but does no damage. x2
The crimson imp hits you but does no damage.
The quasit bites you but does no damage.
The quasit claws you but does no damage.
The quasit claws you.
* * * LOW HITPOINT WARNING * * *
Eustachio hits you with a +0 rapier.
You die...
Eustachio says, "Such is the fate of all honourless rascals."

.. ##.### #...
........###.### +...
...........>... ...#
#.....######.### ...
.5.............. .. ...#
########### #.#..#
#........
#555.######.##..... #.
#.♣#.........#.###. #.#
##.@########........ ....
##)............#.###.
#.#.##..............'.....
<......#......<.....#.####
#........#########..#.....
#.#............# #..######
.......<.......# #..##.(..
#...#..........# #..##.###


You could see Eustachio, Grinder, a quasit (summoned), a crimson imp (summoned)
and an ufetubus (summoned).

Vanquished Creatures
  Menkaure (D:4)
  An ice beast (D:5)
  2 ogres
  A scorpion (D:4)
  2 centaur zombies (Ossuary)
  A human zombie (Ossuary)
  2 orc priests (D:4)
  2 hounds
  An iguana (D:6)
  2 orc wizards
  5 hound zombies (Ossuary)
  2 mummies (Ossuary)
  5 adders
  2 white imps (D:5)
  6 adder zombies (Ossuary)
  3 ribbon worms (D:2)
  4 dart slugs
  9 orcs
  6 ball pythons
  5 bats
  5 endoplasms
  5 giant cockroaches
  7 goblins
  7 hobgoblins
  4 jackals (D:4)
  5 quokkas
  5 gnoll zombies (Ossuary)
  7 jackal zombies (Ossuary)
  6 kobolds
  4 kobold zombies (Ossuary)
  6 orc zombies (Ossuary)
  6 rats
129 creatures vanquished.

Notes
Turn   | Place    | Note
-------+----------+-------------------------------------------
     0 | D:1      | LeprechaunX the Octopode Shapeshifter began the quest for
                  | the Orb.
     0 | D:1      | Reached XP level 1. HP: 13/13 MP: 1/1
    20 | D:1      | Found a faded altar of an unknown god.
    33 | D:1      | Reached XP level 2. HP: 12/18 MP: 2/2
   262 | D:1      | Reached XP level 3. HP: 23/23 MP: 3/3
  1635 | D:2      | Reached XP level 4. HP: 17/29 MP: 4/4
  2607 | D:3      | Found a white marble altar of Elyvilon.
  2674 | D:3      | Reached skill level 1 in Maces & Flails
  3128 | D:4      | Noticed an ogre
  3131 | D:4      | Reached XP level 5. HP: 34/34 MP: 5/5
  3134 | D:4      | Killed an ogre
  3135 | D:4      | Reached skill level 4 in Shapeshifting
  3270 | D:4      | Reached XP level 6. HP: 31/41 MP: 6/6
  3371 | D:4      | Noticed Menkaure
  3377 | D:4      | Killed Menkaure
  3378 | D:4      | Reached skill level 5 in Shapeshifting
  3426 | D:4      | Found a sand-covered staircase.
  3431 | Ossuary  | Entered an ossuary
  3447 | Ossuary  | Reached XP level 7. HP: 25/46 MP: 7/7
  3979 | D:4      | Found a staircase to the Ecumenical Temple.
  4009 | Temple   | Entered the Ecumenical Temple
  4036 | Temple   | Became a worshipper of Qazlal Stormbringer
  4367 | D:5      | Entered Level 5 of the Dungeon
  4531 | D:5      | Reached skill level 5 in Unarmed Combat
  4648 | D:5      | Reached skill level 1 in Invocations
  4648 | D:5      | Reached skill level 1 in Evocations
  4648 | D:5      | Reached skill level 6 in Shapeshifting
  4648 | D:5      | Reached XP level 8. HP: 54/54 MP: 8/8
  5444 | D:6      | Noticed Eustachio
  5446 | D:6      | Noticed Grinder
  5449 | D:6      | Paralysed by Grinder for 3 turns
  5454 | D:6      | HP: 4/81 [quasit[Eustachio] (1)]
  5454 | D:6      | Slain by Eustachio

Illustrated notes

Levels and vault maps discovered:
D:1:      nzn_arrival_settlement, layout_basic, basic_ecumenical_altar,
          serial_curves, eino_curves_04, eino_curves_01
D:2:      layout_basic, minmay_pentomino_r2
D:3:      layout_basic, general_overflow_altar
D:4:      layout_loops_ring, minmay_temple_entry_slanted,
          nicolae_ossuary_entry_plus, uniq_menkaure
D:5:      layout_loops_ring, roderic_roman_lattice
D:6:      layout_basic, gammafunk_temple_overflow_wave, uniq_eustachio,
          uniq_grinder
Temple:   compressed_dpeg_triangle_lava_temple

Skill      XL: |  1  2  3  4  5  6  7 |
---------------+----------------------+-----
Fighting       | 2 3 4 |  4.2
Maces & Flails | 1 |  1.0
Dodging        | 3 |  3.0
Shapeshifting  | 4 5 6 |  6.2
Unarmed Combat | 4 5 |  5.2
Invocations    | 1 |  1.6
Evocations     | 1 |  1.5

Action                     |  1- 3 |  4- 6 |  7- 9 || total
---------------------------+-------+-------+-------++-------
  Melee: Unarmed           |    46 |       |       ||    46
         Constrict         |    14 |    11 |    34 ||    59
         Tentacles         |    14 |    13 |    25 ||    52
         Punch             |     2 |     2 |     6 ||    10
         Whip              |    11 |    60 |   114 ||   185
   Fire: Arbalest          |       |       |    17 ||    17
    Use: Potion            |       |       |     1 ||     1
   Stab: Sleeping          |     5 |     4 |     4 ||    13
 Armour: Skin              |    23 |    32 |    87 ||   142
  Dodge: Dodged            |    29 |    33 |    94 ||   156

Table legend: (Time is in decaauts)
 A = Elapsed time spent in this place.
 B = Non-inter-level travel time spent in this place.
 C = Inter-level travel time spent in this place.
 D = Time resting spent in this place.
 E = Time spent auto-exploring this place.
 F = Levels seen in this place.
 G = Mean time per level.
                   A        B        C        D        E       F      G
               +--------+--------+--------+--------+--------+-----+--------+
         Total |   5468 |   5032 |    436 |     66 |   4056 |   8 |  683.5 |
       Dungeon |   5001 |   4565 |    436 |     62 |   3823 |   6 |  833.5 |
        Temple |     38 |     38 |      0 |      0 |      0 |   1 |   38.0 |
       Ossuary |    427 |    427 |      0 |      4 |    233 |   1 |  427.0 |
               +--------+--------+--------+--------+--------+-----+--------+

Top non-repeatable levels by time:
     D:1: 1227 daAuts
     D:3: 961 daAuts
     D:2: 929 daAuts
     D:5: 923 daAuts
     D:4: 790 daAuts
 Ossuary: 427 daAuts
     D:6: 169 daAuts
  Temple: 38 daAuts
